 Dungeon Crawl Stone Soup version 0.27-a0-998-g4cfe56dd59 (webtiles) character file.

Game seed: 12804530286791372173

121 harryhousin the Shield-Bearer (level 5, 0/40 HPs)
             Began as a Gnoll Wanderer on Apr 16, 2021.
             Slain by a gnoll
             ... wielding a +0 spear
              (6 damage)
             ... on level 4 of the Dungeon.
             The game lasted 00:13:31 (2754 turns).

harryhousin the Shield-Bearer (Gnoll Wanderer)      Turns: 2754, Time: 00:13:32

Health: 0/40       AC:  2    Str:  7    XL:     5   Next: 5%
Magic:  8/18       EV:  6    Int: 17    God:
Gold:   147        SH:  0    Dex: 11    Spells: 9/10 levels left

rFire    + . .     SeeInvis .   q - +2 short sword (speed)
rCold    + . .     Faith    .   d - +0 buckler
rNeg     + . .     Spirit   .   e - +0 robe
rPois    +         Reflect  .   (no helmet)
rElec    +         Harm     .   (no cloak)
rCorr    +         Rampage  .   (no gloves)
Will     .....                  (no boots)
Stlth    ++........             (no amulet)
HPRegen  0.13/turn              c - ring of magical power
MPRegen  0.16/turn              l - ring of positive energy

@: lethally poisoned (0 -> -1), resistant, held
A: fangs 1, strong nose, distributed training
a: no special abilities


You were on level 4 of the Dungeon.
You visited 1 branch of the dungeon, and saw 4 of its levels.

You collected 147 gold pieces.

Inventory:

Hand Weapons
 a - a +2 dagger
 h - a +0 whip of venom
 q - a +2 short sword of speed (weapon)
Armour
 d - a +0 buckler (worn)
 e - a +0 robe (worn)
Jewellery
 c - a ring of magical power (left hand)
 l - a ring of positive energy (right hand)
Scrolls
 b - a scroll of fear
 f - a scroll of noise {unknown}
 j - 2 scrolls of identify {unknown}
 k - a scroll of enchant weapon {unknown}
 n - a scroll of teleportation {unknown}
 o - 3 scrolls of vulnerability {unknown}
 p - a scroll of holy word {unknown}
 r - a scroll of blinking {unknown}
 s - 2 scrolls of immolation {unknown}
Potions
 g - a potion of curing {unknown}
 i - a potion of cancellation {unknown}
 m - a potion of resistance


   Skills:
 + Level 2.8 Fighting
 + Level 1.3 Short Blades
 + Level 1.3 Long Blades
 + Level 1.3 Axes
 + Level 1.3 Maces & Flails
 + Level 4.7 Polearms
 + Level 1.3 Staves
 + Level 1.3 Slings
 + Level 1.3 Bows
 + Level 1.3 Crossbows
 + Level 1.3 Throwing
 + Level 1.3 Armour
 + Level 1.3 Dodging
 + Level 4.3 Stealth
 + Level 4.7 Shields
 + Level 1.3 Unarmed Combat
 + Level 3.1 Spellcasting
 + Level 1.0 Conjurations
 + Level 1.0 Hexes
 + Level 2.3 Summonings
 + Level 2.3 Necromancy
 + Level 1.0 Translocations
 + Level 1.0 Transmutations
 + Level 1.0 Fire Magic
 + Level 1.0 Ice Magic
 + Level 1.0 Air Magic
 + Level 1.0 Earth Magic
 + Level 1.0 Poison Magic
 + Level 1.4 Invocations
 + Level 1.3 Evocations


You had 9 spell levels left.
You knew the following spells:

 Your Spells              Type           Power      Damage    Failure   Level
a - Shock                 Conj/Air       24%        1d4       11%         1

Your spell library contained the following spells:

 Spells                   Type           Power      Damage    Failure   Level
 Confusing Touch          Hex            6%         N/A       32%         3
 Gell's Gravitas          Tloc           3%         N/A       32%         3
 Swiftness                Air            6%         N/A       32%         3
 Petrify                  Tmut/Erth      6%         N/A       73%         4
 Metabolic Englaciation   Hex/Ice        3%         N/A       97%         5
 Yara's Violent Unravell  Hex/Tmut       3%         3d4       97%         5


Dungeon Overview and Level Annotations

Branches:
Dungeon (4/15)
 Temple: D:4-7

Altars:
Elyvilon
Hepliaklqana

Annotations:
D:2 1 runed translucent door, Crazy Yiuf


Innate Abilities, Weirdness & Mutations

You have very sharp teeth.
Your uncanny sense of smell can sniff out nearby items.
Your experience applies equally to all skills.


Message History

Press: ? - help, Shift-Dir - straight line, f - gnoll
Aim: a gnoll, wielding a +2 halberd of venom (almost dead, 69% to hit)
The zap hits the gnoll.
You kill the gnoll!
The zap hits the gnoll.
The gnoll is heavily wounded.
You feel sick.
The gnoll throws a throwing net.
The throwing net hits you.
You become entangled in the net!
A dart slug comes into view.
You have reached level 5!
Casting: Shock (safe; 11% risk of failure)
Confirm with . or Enter, or press ? or * to list all spells.
Aiming: Shock (safe; 11% risk of failure)
Press: ? - help, Shift-Dir - straight line, f - gnoll
Aim: a gnoll, wielding a +0 club (moderately wounded, 69% to hit)
The zap hits the gnoll.
The gnoll is heavily wounded.
The zap hits the gnoll.
The gnoll is severely wounded.
You feel sick. The gnoll hits you with a +0 club.
Casting: Shock (safe; 11% risk of failure)
Confirm with . or Enter, or press ? or * to list all spells.
Aiming: Shock (safe; 11% risk of failure)
Press: ? - help, Shift-Dir - straight line, f/p - gnoll
Aim: a gnoll, wielding a +0 club (heavily wounded, 69% to hit)
The zap misses the gnoll. x2; You feel sick.
You struggle against the net.
You feel sick.
The gnoll hits you from afar with a +0 spear.
The gnoll barely misses you.
You struggle against the net.
You feel sick. The gnoll barely misses you. The gnoll hits you with a +0 club.
You struggle against the net.
You feel sick.
The gnoll hits you from afar with a +0 spear!
* * * LOW HITPOINT WARNING * * *
The gnoll closely misses you.
It was a potion of resistance.
You feel protected.
You feel sick.
The gnoll hits you from afar with a +0 spear.
You die...

#######.#
#######g.......
.......@)gw....
#######.#######
#.# #.# ..# #.#
#.# ...


You could see 2 gnolls and a dart slug.

Vanquished Creatures
  A hound (D:3)
  2 gnolls (D:4)
  3 dart slugs (D:3)
  2 orcs (D:3)
  4 ball pythons (D:1)
  5 endoplasms
  A giant cockroach (D:1)
  9 goblins
  10 hobgoblins
  3 jackals (D:3)
  6 kobolds
  2 quokkas
  4 bats
  2 frilled lizards
  3 rats
57 creatures vanquished.

Notes
Turn   | Place    | Note
-------+----------+-------------------------------------------
     0 | D:1      | harryhousin the Gnoll Wanderer began the quest for the Orb.
     0 | D:1      | harryhousin set off with the following items: a +2 dagger,
                  | a scroll of fear, a +0 buckler, a +0 robe; and the
                  | following spell memorised: Shock; and the following spells
                  | available to memorise: Swiftness
     0 | D:1      | Reached XP level 1. HP: 17/17 MP: 4/4
   247 | D:1      | Reached XP level 2. HP: 15/23 MP: 5/5
   880 | D:1      | Reached XP level 3. HP: 27/28 MP: 7/7
  1228 | D:2      | Found a white marble altar of Elyvilon.
  1351 | D:2      | Found a runed translucent door.
  1352 | D:2      | Noticed Crazy Yiuf
  1740 | D:3      | Reached skill level 1 in Invocations
  1983 | D:3      | Reached skill level 1 in Short Blades
  1983 | D:3      | Reached skill level 1 in Long Blades
  1983 | D:3      | Reached skill level 1 in Axes
  1983 | D:3      | Reached skill level 1 in Maces & Flails
  1983 | D:3      | Reached skill level 1 in Staves
  1983 | D:3      | Reached skill level 1 in Slings
  1983 | D:3      | Reached skill level 1 in Bows
  1983 | D:3      | Reached skill level 1 in Crossbows
  1983 | D:3      | Reached skill level 1 in Throwing
  1983 | D:3      | Reached skill level 1 in Armour
  1983 | D:3      | Reached skill level 1 in Dodging
  1983 | D:3      | Reached skill level 1 in Unarmed Combat
  1983 | D:3      | Reached skill level 1 in Evocations
  2036 | D:3      | Found a faded altar of an unknown god.
  2173 | D:3      | Reached XP level 4. HP: 30/34 MP: 8/8
  2285 | D:3      | Reached skill level 1 in Conjurations
  2285 | D:3      | Reached skill level 1 in Hexes
  2285 | D:3      | Reached skill level 1 in Translocations
  2285 | D:3      | Reached skill level 1 in Transmutations
  2285 | D:3      | Reached skill level 1 in Fire Magic
  2285 | D:3      | Reached skill level 1 in Ice Magic
  2285 | D:3      | Reached skill level 1 in Air Magic
  2285 | D:3      | Reached skill level 1 in Earth Magic
  2285 | D:3      | Reached skill level 1 in Poison Magic
  2577 | D:3      | Found a hazy altar of Hepliaklqana.
  2749 | D:4      | Reached XP level 5. HP: 26/40 MP: 9/9
  2754 | D:4      | Slain by a gnoll

Illustrated notes

Levels and vault maps discovered:
D:1:      ebering_hopf_link, layout_basic
D:2:      layout_rooms, basic_altar, uniq_crazy_yiuf_cottage
D:3:      layout_loops_ring, nicolae_hepliaklqana_hippocampus,
          hellmonk_ecumenical_altar_prayer_group
D:4:      layout_loops_ring, zin_purify

Skill      XL: |  1  2  3  4 |
---------------+-------------+-----
Summonings     | 2 |  2.3
Necromancy     | 2 |  2.3
Invocations    | 1 |  1.4
Short Blades   | 1 |  1.3
Long Blades    | 1 |  1.3
Axes           | 1 |  1.3
Maces & Flails | 1 |  1.3
Staves         | 1 |  1.3
Slings         | 1 |  1.3
Bows           | 1 |  1.3
Crossbows      | 1 |  1.3
Throwing       | 1 |  1.3
Armour         | 1 |  1.3
Dodging        | 1 |  1.3
Unarmed Combat | 1 |  1.3
Evocations     | 1 |  1.3
Spellcasting   | 3 |  3.1
Conjurations   | 1 |  1.0
Hexes          | 1 |  1.0
Translocations | 1 |  1.0
Transmutations | 1 |  1.0
Fire Magic     | 1 |  1.0
Ice Magic      | 1 |  1.0
Air Magic      | 1 |  1.0
Earth Magic    | 1 |  1.0
Poison Magic   | 1 |  1.0
Fighting       | |  2.8
Polearms       | |  4.7
Stealth        | |  4.3
Shields        | |  4.7

Action                   |  1- 3 |  4- 6 || total
-------------------------+-------+-------++-------
Melee: Dagger            |     8 |       ||     8
       Whip              |    21 |       ||    21
       Bite              |     1 |       ||     1
       Short sword       |    11 |     4 ||    15
 Cast: Shock             |    95 |    36 ||   131
  Use: Potion            |       |     1 ||     1
 Stab: Sleeping          |     1 |       ||     1
Armor: Robe              |     4 |     4 ||     8
Dodge: Dodged            |    15 |    11 ||    26
Block: Buckler           |     7 |     2 ||     9

Table legend: (Time is in decaauts)
 A = Elapsed time spent in this place.
 B = Non-inter-level travel time spent in this place.
 C = Inter-level travel time spent in this place.
 D = Time resting spent in this place.
 E = Time spent auto-exploring this place.
 F = Levels seen in this place.
 G = Mean time per level.
                   A        B        C        D        E       F      G
               +--------+--------+--------+--------+--------+-----+--------+
         Total |   2751 |   2684 |     67 |    535 |   1296 |   4 |  687.8 |
       Dungeon |   2751 |   2684 |     67 |    535 |   1296 |   4 |  687.8 |
               +--------+--------+--------+--------+--------+-----+--------+

Top non-repeatable levels by time:
     D:1: 1231 daAuts
     D:3: 1003 daAuts
     D:2: 503 daAuts
     D:4: 13 daAuts
